AoeStats
← WiryFuzzball

Black Forest

509620288Analyzed
2v2 RM · 6d ago on Sep 27, 2026· 128m 13s· 4 players
Game mode
Random Map
Map size
Medium (4 player)
Population
200
Speed
Normal
Resources
Standard
Victory
Conquest
Starting age
Dark Age
Ending age
Imperial Age
RankedLock teamsTeams togetherTeam positionsShared explorationLock speedFull tech treeHidden civsTurbo modeCheats
Victory
Defeat
🇿🇦 Mongols · South Africa
1013
+15
🇨🇳 Magyars · China
999
+15
🇺🇸 Bohemians · United States
992
-15
🇺🇸 Aztecs · United States
989
-15
WiryFuzzball
1:18 Loom
13:05 Feudal Age
14:27 Double-Bit Axe
17:03 Castle Age
16:35 Horse Collar
20:19 Bow Saw
22:04 Wheelbarrow
21:43 Fishing Lines
23:47 Heavy Plow
27:14 Squires
26:35 Pikeman
31:06 Imperial Age
29:36 Caravan
29:51 Forging
29:41 Scale Mail Armor
30:35 Hand Cart
31:44 Ballistics
32:26 Chemistry
31:50 Ballistics
31:09 Pikeman
31:49 Squires
32:26 Iron Casting
31:41 Fletching
31:54 Scale Mail Armor
32:27 Conscription
33:21 Fervor
34:29 Blast Furnace
32:55 Houfnice
33:58 Town Watch
34:45 Siege Engineers
34:15 Halberdier
35:40 Wagenburg Tactics
36:38 Chain Mail Armor
38:02 Fortified Wall
38:31 Capped Ram
48:30 Elite Skirmisher
49:07 Elite Hussite Wagon
49:40 Fletching
50:21 Plate Mail Armor
51:34 Bodkin Arrow
54:34 Two-Man Saw
56:45 Onager
58:27 Bracer
72:18 Padded Archer Armor
73:06 Husbandry
72:27 Cavalier
85:34 Leather Archer Armor
85:25 Scale Barding Armor
92:11 Arson
92:59 Ring Archer Armor
92:50 Chain Barding Armor
117:15 Light Cavalry
bowerca93
0:33 Loom
12:30 Feudal Age
15:34 Horse Collar
18:07 Castle Age
16:11 Horse Collar
17:12 Double-Bit Axe
25:41 Heavy Plow
26:42 Wheelbarrow
26:16 Gold Mining
26:48 Bow Saw
28:11 Hand Cart
29:15 Gold Shaft Mining
30:25 Fortified Wall
32:54 Imperial Age
31:16 Stone Mining
31:13 Town Watch
32:07 Caravan
32:38 Forging
32:28 Scale Mail Armor
32:19 Fletching
32:29 Padded Archer Armor
33:01 Gambesons
33:16 Squires
33:02 Arson
33:20 Atlatl
34:00 Town Patrol
33:29 Elite Skirmisher
34:35 Conscription
35:23 Chemistry
35:01 Garland Wars
34:47 Bodkin Arrow
36:28 Bracer
36:43 Leather Archer Armor
36:44 Chain Mail Armor
37:04 Iron Casting
37:22 Capped Ram
40:01 Ballistics
41:05 Man-at-Arms
41:34 Onager
45:23 Plate Mail Armor
45:53 Blast Furnace
44:44 Long Swordsman
46:01 Elite Jaguar Warrior
46:12 Siege Ram
48:45 Careening
48:43 Siege Engineers
49:56 Pikeman
53:13 Siege Onager
55:47 Sanctity
55:44 Block Printing
55:55 Illumination
56:06 Theocracy
55:32 Atonement
55:43 Fervor
55:45 Redemption
55:36 Devotion
55:17 Two-Handed Swordsman
57:27 Herbal Medicine
58:56 Eagle Warrior
70:51 Elite Eagle Warrior
把人生埋在四季
11:12 Feudal Age
15:57 Castle Age
14:07 Double-Bit Axe
14:11 Horse Collar
19:31 Bow Saw
21:19 Heavy Plow
21:03 Fishing Lines
22:38 Sanctity
22:45 Scale Barding Armor
22:47 Gillnets
25:14 Wheelbarrow
25:31 Gold Mining
25:36 Stone Mining
26:36 Hand Cart
27:20 Gold Shaft Mining
32:43 Imperial Age
31:52 Corvinian Army
32:51 Ballistics
32:54 Chain Barding Armor
32:25 Fletching
32:35 Padded Archer Armor
32:44 Thumb Ring
34:07 Crop Rotation
34:41 Two-Man Saw
34:25 Conscription
36:03 Chemistry
35:41 Plate Barding Armor
35:02 Bodkin Arrow
35:22 Leather Archer Armor
36:07 Parthian Tactics
36:41 Leather Archer Armor
36:46 Bloodlines
36:37 Husbandry
37:04 Recurve Bow
37:41 Masonry
37:03 Heavy Cavalry Archer
38:19 Bracer
38:52 Ring Archer Armor
37:59 Elite Magyar Huszar
41:21 Siege Engineers
41:56 Town Watch
42:51 Hoardings
45:21 Light Cavalry
47:54 Cavalier
47:55 Hussar
49:39 Caravan
53:31 Murder Holes
54:07 Caravan
104:29 Capped Ram
122:26 Cavalier
GreenBeret
1:16 Loom
12:35 Feudal Age
14:11 Double-Bit Axe
16:53 Castle Age
18:23 Bow Saw
17:57 Horse Collar
22:16 Wheelbarrow
25:06 Hand Cart
24:35 Fishing Lines
30:16 Imperial Age
29:08 Fletching
29:11 Gold Mining
29:16 Stone Mining
31:18 Stone Shaft Mining
30:50 Heavy Plow
32:03 Fortified Wall
32:14 Ballistics
32:55 Chemistry
32:02 Siege Engineers
32:41 Thumb Ring
33:03 Parthian Tactics
32:34 Bodkin Arrow
32:52 Forging
32:48 Scale Barding Armor
33:39 Gold Shaft Mining
33:12 Elite Mangudai
35:25 Drill
34:30 Man-at-Arms
35:12 Bracer
35:48 Iron Casting
35:14 Scale Mail Armor
35:44 Caravan
35:38 Capped Ram
37:27 Chain Barding Armor
38:10 Blast Furnace
36:34 Siege Ram
37:36 Masonry
37:30 Long Swordsman
38:55 Conscription
39:19 Bloodlines
39:10 Husbandry
38:31 Light Cavalry
39:04 Onager
40:41 Siege Onager
40:55 Hussar
42:34 Conscription
46:07 Siege Onager
55:09 Coinage
64:44 Two-Handed Swordsman
66:52 Champion
74:23 Padded Archer Armor
74:39 Chain Mail Armor
74:28 Squires
74:14 Arson
76:33 Heavy Camel Rider
78:20 Plate Mail Armor
78:06 Leather Archer Armor
92:56 Banking
119:43 Elite Skirmisher
119:46 Pikeman
119:51 Elite Steppe Lancer
119:56 Heavy Scorpion
Connection lost

Rejoining the realm…

Still unreachable

The connection could not be restored.

Session expired

The server has moved on; the page needs a fresh start.